 Dungeon Crawl Stone Soup version 0.18.1-48-g4cf74bf (webtiles) character file.

160 dvd the Chopper (level 5, -6/32 HPs)
             Began as a Gargoyle Gladiator on July 19, 2016.
             Killed by nerve-wracking pain
             ... invoked by an orc priest
              (8 damage)
             ... on level 3 of the Dungeon.
             The game lasted 00:04:04 (1924 turns).

dvd the Chopper (Gargoyle Gladiator)                Turns: 1924, Time: 00:04:05

Health: -6/32      AC: 12    Str: 19    XL:     5   Next: 41%
Magic:  5/5        EV: 11    Int:  8    God:
Gold:   37         SH:  0    Dex: 11    Spells: 0 memorised, 4 levels left

rFire  . . .     SeeInvis .     q - -2 mace (curse)
rCold  . . .     Gourm    .     p - +0 scale mail
rNeg   + . .     Faith    .     (no shield)
rPois  ∞         Spirit   .     c - +0 helmet
rElec  +         Dismiss  .     g - +0 cloak
rCorr  .         Reflect  .     (no gloves)
SustAt .         Harm     .     (no boots)
MR     .....                    (no amulet)
Stlth  ..........               (no ring)
                                (no ring)

@: not resistant to hostile enchantments, extremely unstealthy
A: negative energy resistance 1, electricity resistance, unbreathing,
petrification resistance, rot immunity, AC +4
a: no special abilities


You were on level 3 of the Dungeon.
You were hungry.

You visited 1 branch of the dungeon, and saw 3 of its levels.

You collected 37 gold pieces.

Inventory:

Hand Weapons
 a - a +0 war axe
 h - a +0 whip
 q - a cursed -2 mace (weapon)
Missiles
 d - 3 throwing nets (quivered)
Armour
 b - a +0 leather armour
 c - a +0 helmet (worn)
 g - a +0 cloak (worn)
 l - a +0 ring mail
 p - a +0 scale mail (worn)
Potions
 e - a potion of heal wounds {unknown}
 k - a potion of magic {unknown}
 m - a potion of berserk rage {unknown}
 n - a potion of cancellation
Comestibles
 f - a bread ration
 i - 4 chunks of flesh


   Skills:
 + Level 2.9 Fighting
 + Level 3.6(3.7) Axes
 + Level 0.6(2.5) Maces & Flails
 + Level 1.9 Throwing
 + Level 1.5 Armour
 + Level 3.5 Dodging


You had 4 spell levels left.
You didn't know any spells.

Dungeon Overview and Level Annotations

Branches:
Dungeon (3/15)

Altars:


Innate Abilities, Weirdness & Mutations

You are resistant to torment.
Your stone body is resilient (AC +4).
You are immune to poison.
You resist negative energy.
You are resistant to electric shocks.
You can survive without breathing.
You are immune to petrification.
You are immune to rotting.


Message History

Things that are here:
a falchion; an orc corpse You closely miss the orc priest.
The orc priest is severely wounded.
The bat hits you but does no damage.
The orc priest hits you but does no damage. x2
You hit the orc priest but do no damage.
The orc priest is severely wounded.
The bat misses you. The orc priest misses you. The bat misses you.
You hit the orc priest.
The orc priest is almost dead.
The bat closely misses you.
The orc priest calls down the wrath of Beogh upon you.
You barely resist.
You hit the orc priest but do no damage.
The orc priest is almost dead.
The bat closely misses you.
The orc priest mumbles some strange prayers to Beogh against you.
Pain shoots through your body!
You die...

.≈≈≈≈P.....#....##
P.≈≈......##....##
......P...##....##
######.####....## #.#
#.....#
#####.####......
#.#####.......##......
#....o.b......##......
#####@#.......##.(....
#.#.......##......
#....##########......
#.#... ######. # #....
#... ...... #...
.#...... #....
.#....... #.... #
#...>..#. ....


You could see an orc priest and a bat.

Vanquished Creatures
  Terence (D:2)
  Natasha (twice) (D:2)
  3 adders (D:2)
  An ooze (D:2)
  2 worms
  2 dart slugs (D:1)
  A giant gecko (D:2)
  2 orcs (D:3)
  3 giant cockroaches (D:2)
  5 goblins
  4 hobgoblins
  7 jackals
  A kobold (D:1)
  4 bats
  4 giant newts
  A rat (D:2)
43 creatures vanquished.

Notes
Turn   | Place    | Note
--------------------------------------------------------------
     0 | D:1      | dvd the Gargoyle Gladiator began the quest for the Orb.
     0 | D:1      | Reached XP level 1. HP: 12/12 MP: 1/1
   167 | D:1      | Reached XP level 2. HP: 16/18 MP: 2/2
   799 | D:2      | Reached XP level 3. HP: 22/22 MP: 3/3
   929 | D:2      | Noticed Terence
   941 | D:2      | Killed Terence
   941 | D:2      | Reached skill level 1 in Armour
   941 | D:2      | Reached XP level 4. HP: 26/27 MP: 4/4
  1386 | D:2      | Noticed Natasha
  1395 | D:2      | Killed Natasha
  1395 | D:2      | Reached XP level 5. HP: 14/32 MP: 5/5
  1414 | D:2      | Noticed Natasha
  1423 | D:2      | Killed Natasha
  1924 | D:3      | Killed from afar by an orc priest

Skill      XL: |  1  2  3 |
---------------+----------+-----
Axes           | 3 |  3.6
Armour         | 1 |  1.5
Dodging        | 3 |  3.5
Fighting       | |  2.9
Maces & Flails | |  0.6
Throwing       | |  1.9

Action                   |  1- 3 |  4- 6 || total
-------------------------+-------+-------++-------
Melee: War axe           |    60 |       ||    60
       Mace              |       |   131 ||   131
  Use: Scroll            |       |     7 ||     7
       Potion            |       |     2 ||     2
  Eat: Chunk             |       |     3 ||     3
Armor: Leather armour    |    18 |       ||    18
       Ring mail         |     9 |       ||     9
       Scale mail        |       |    89 ||    89
Dodge: Dodged            |    35 |   123 ||   158
